 Dungeon Crawl Stone Soup version 0.18.1-8-gdd0e5ea (webtiles) character file.

182 Hipnos the Digger (level 5, 0/28 HPs)
             Began as a Gargoyle Earth Elementalist on May 25, 2016.
             Slain by an orc wizard
             ... wielding a +0 dagger
              (2 damage)
             ... on level 4 of the Dungeon.
             The game lasted 00:07:35 (2219 turns).

Hipnos the Digger (Gargoyle Earth Elementalist)     Turns: 2219, Time: 00:07:36

Health: 0/28       AC:  8    Str:  8 (11) XL:     5   Next: 62%
Magic:  2/9        EV: 11    Int: 14 (17) God:
Gold:   159        SH:  0    Dex:  7 (10) Spells: 1 memorised, 9 levels left

rFire  . . .     SeeInvis .     A - +0 mace (curse)
rCold  . . .     Gourm    .     a - +0 robe
rNeg   + . .     Faith    .     (no shield)
rPois  ∞         Spirit   .     (no helmet)
rElec  +         Dismiss  +     m - +0 cloak
rCorr  .         Reflect  .     n - +0 pair of gloves
SustAt .         Harm     .     (no boots)
MR     .....                    q - amulet of dismissal
Stlth  ++........               x - ring of flight
                                s - ring of wizardry

@: hasted, very quick, not resistant to hostile enchantments, unstealthy
A: negative energy resistance 1, electricity resistance, unbreathing,
petrification resistance, rot immunity, AC +4
a: Evoke Flight


You were on level 4 of the Dungeon.
You were not hungry.

You visited 1 branch of the dungeon, and saw 4 of its levels.

You collected 159 gold pieces.

Inventory:

Hand Weapons
 o - a +0 whip
 A - a cursed +0 mace (weapon)
Armour
 a - a +0 robe (worn)
 m - a +0 cloak (worn)
 n - a +0 pair of gloves (worn)
Jewellery
 q - an amulet of dismissal (around neck)
 s - a ring of wizardry (left hand)
 x - a ring of flight (right hand)
 E - an uncursed ring of stealth {unknown}
Scrolls
 e - 2 scrolls of noise {unknown}
 g - a scroll of enchant weapon {unknown}
 h - 4 scrolls of identify {unknown}
 i - a scroll of magic mapping {unknown}
 r - 3 scrolls of teleportation {unknown}
 t - 3 scrolls of remove curse {unknown}
 v - a scroll of blinking {unknown}
 y - a scroll of random uselessness {unknown}
 z - a scroll of amnesia {unknown}
 B - a scroll of fog {unknown}
 C - a scroll of fear {unknown}
Potions
 f - a potion of agility {unknown}
 j - a potion of degeneration
 k - a potion of curing {unknown}
 l - a potion of heal wounds {unknown}
 w - a potion of berserk rage {unknown}
Books
 c - a book of Geomancy

   Spells                             Type                      Level
   a - Sandblast                      Earth                        1
   b - Passwall                       Transmutation/Earth          2
   c - Stone Arrow                    Conjuration/Earth            3
   d - Petrify                        Transmutation/Earth          4
   e - Lee's Rapid Deconstruction     Earth                        5
Comestibles
 d - 3 bread rations
 p - 2 meat rations
 u - a chunk of flesh


   Skills:
 - Level 1.5 Dodging
 - Level 2.1 Stealth
 + Level 3.2 Spellcasting
   Level 0.7 Transmutations
 + Level 6.5 Earth Magic


You had 9 spell levels left.
You knew the following spells:

 Your Spells              Type           Power        Failure   Level  Hunger
a - Sandblast             Erth           ###...       1%          1    #......


Dungeon Overview and Level Annotations

Branches:
Dungeon (4/15)
 Temple: D:4-7

Altars:
Qazlal


Innate Abilities, Weirdness & Mutations

You are resistant to torment.
Your stone body is resilient (AC +4).
You are immune to poison.
You resist negative energy.
You are resistant to electric shocks.
You can survive without breathing.
You are immune to petrification.
You are immune to rotting.


Message History

The orc wizard is heavily wounded.
The orc wizard misses you. The orc wizard barely misses you.
You hit the orc wizard.
The orc wizard is severely wounded.
The orc wizard misses you. The orc wizard hits you with a dagger.
The orc wizard points at you and mumbles some strange words.
The magic dart hits you!
* * * LOW HITPOINT WARNING * * *
Drink which item? (? for menu, Esc to quit)
It was a potion of degeneration.
There was something very wrong with that liquid.
You feel weakened.
You feel dopey.
You feel clumsy. The orc wizard hits you with a dagger.
* * * LOW HITPOINT WARNING * * *
Drink which item? (? for menu, Esc to quit)
Okay, then.
Drink which item? (? for menu, Esc to quit)
It was a potion of haste.
You feel yourself speed up. The orc wizard hits you with a dagger.
You die...

.....##..........#.#.............
.....###.........#.#####.#.......
###### #.........#.....).#....(..
#.........+...............
#####.....##.......##+#'##
#..............##.(...
#.....#.........#.....
#.....#.......#.......
#####@#########.#.#### ####o#..#
#...# #..o.#..######...#
#.####..#...O#..>#
######.####..#.##.#####
...........#..#.##†#
##########O#...o#††# #.##.###o##
#.O..# #.


You could see an orc priest and an orc wizard.

Vanquished Creatures
  An iguana (D:4)
  An orc wizard (D:3)
  A hound skeleton (D:4)
  4 adders
  3 oozes
  An adder skeleton (D:3)
  2 worms
  A dart slug (D:2)
  A giant gecko (D:2)
  6 orcs
  2 giant cockroaches
  4 goblins
  2 hobgoblins
  8 jackals
  2 quokkas (D:4)
  A ball python (D:2)
  4 bats
  3 giant newts
  8 kobolds
  2 rats
57 creatures vanquished.

Notes
Turn   | Place    | Note
--------------------------------------------------------------
     0 | D:1      | Hipnos the Gargoyle Earth Elementalist began the quest for the Orb.
     0 | D:1      | Reached XP level 1. HP: 10/10 MP: 3/3
    54 | D:1      | Reached skill level 4 in Earth Magic
    54 | D:1      | Reached XP level 2. HP: 15/15 MP: 1/5
   679 | D:2      | Reached skill level 5 in Earth Magic
   679 | D:2      | Reached XP level 3. HP: 19/19 MP: 0/6
  1417 | D:2      | Reached XP level 4. HP: 24/24 MP: 3/7
  1573 | D:3      | Reached skill level 6 in Earth Magic
  1597 | D:3      | Reached XP level 5. HP: 28/28 MP: 0/9
  1876 | D:3      | Noticed a fire elemental
  1891 | D:3      | Noticed an air elemental
  1893 | D:3      | Found a stormy altar of Qazlal.
  1894 | D:3      | Noticed a water elemental
  2191 | D:4      | Noticed an ogre
  2218 | D:4      | HP: 1/28 [orc wizard/dagger (2)]
  2219 | D:4      | Slain by an orc wizard

Skill      XL: |  1  2  3  4  5 |
---------------+----------------+-----
Earth Magic    | 4 5 6 |  6.5
Spellcasting   | 3 |  3.2
Dodging        | |  1.5
Stealth        | |  2.1
Transmutations | |  0.7

Action                   |  1- 3 |  4- 6 || total
-------------------------+-------+-------++-------
Melee: Mace              |       |     2 ||     2
 Cast: Sandblast         |    44 |    55 ||    99
  Use: Potion            |       |     2 ||     2
  Eat: Chunk             |     2 |     3 ||     5
Armor: Robe              |     6 |    12 ||    18
Dodge: Dodged            |     9 |    25 ||    34
